 Dungeon Crawl Stone Soup version 0.22-a0-179-gb5258fd (webtiles) character file.

3 wolfsongas the Magician (level 1, 0/13 HPs)
             Began as a Gnoll Wanderer on Feb 14, 2018.
             Slain by a jackal (2 damage)
             ... on level 1 of the Dungeon.
             The game lasted 00:00:18 (30 turns).

wolfsongas the Magician (Gnoll Wanderer)              Turns: 30, Time: 00:00:18

Health: 0/13       AC:  2    Str: 15    XL:     1   Next: 50%
Magic:  6/6        EV:  8    Int: 14    God:
Gold:   0          SH:  8    Dex: 13    Spells: 9/9 levels left

rFire    . . .     SeeInvis .     - Unarmed
rCold    . . .     Gourm    .   a - +0 shield
rNeg     . . .     Faith    .   d - +0 robe
rPois    .         Spirit   .   (no helmet)
rElec    .         Reflect  .   (no cloak)
rCorr    .         Harm     .   (no gloves)
MR       .....                  (no boots)
Stlth    ++........             (no amulet)
HPRegen  0.04/turn              (no ring)
MPRegen  0.10/turn              (no ring)

@: no status effects
A: distributed training, fangs 1, strong nose
a: no special abilities


You were on level 1 of the Dungeon.
You were not hungry.

You visited 1 branch of the dungeon, and saw 1 of its levels.

Inventory:

Hand Weapons
 e - a +0 club
 f - a +0 dagger
Armour
 a - a +0 shield (worn)
 d - a +0 robe (worn)
Scrolls
 b - a scroll of teleportation
Potions
 c - a potion of lignification
Comestibles
 g - 2 rations


   Skills:
 + Level 0.0 Fighting
 + Level 0.0 Short Blades
 + Level 0.0 Long Blades
 + Level 0.0 Axes
 + Level 0.0 Maces & Flails
 + Level 0.0 Polearms
 + Level 0.0 Staves
 + Level 0.0 Slings
 + Level 0.0 Bows
 + Level 0.0 Crossbows
 + Level 0.0 Throwing
 + Level 0.0 Armour
 + Level 0.0 Dodging
 + Level 4.0 Stealth
 + Level 2.3 Shields
 + Level 4.4 Unarmed Combat
 + Level 4.8 Spellcasting
 + Level 0.0 Conjurations
 + Level 0.0 Hexes
 + Level 0.0 Charms
 + Level 0.0 Summonings
 + Level 0.0 Necromancy
 + Level 0.0 Translocations
 + Level 1.9 Transmutations
 + Level 3.6 Fire Magic
 + Level 0.0 Ice Magic
 + Level 0.0 Air Magic
 + Level 0.0 Earth Magic
 + Level 0.0 Poison Magic
 + Level 0.1 Invocations
 + Level 0.0 Evocations


You had 9 spell levels left.
You didn't know any spells.

Dungeon Overview and Level Annotations

Branches:
Dungeon (1/15)

Altars:


Innate Abilities, Weirdness & Mutations

Your experience applies equally to all skills.
You have very sharp teeth.
Your uncanny sense of smell can sniff out nearby items.


Message History

You are too injured to fight recklessly!
You are too injured to fight recklessly!
You are too injured to fight recklessly!
You are too injured to fight recklessly!
You are too injured to fight recklessly!
You punch the rat!
You kill the rat!
The jackal barely misses you. You block the jackal's attack.
You hit the jackal but do no damage.
The jackal bites you but does no damage.
You block the jackal's attack.
Your shield prevents you from hitting the jackal.
You block the jackal's attack. The jackal misses you.
The jackal barely misses you. The jackal bites you.
You closely miss the jackal. The jackal bites you.
* * * LOW HITPOINT WARNING * * *
The jackal barely misses you.
You barely miss the jackal. You block the jackal's attack.
The jackal bites you.
You die...

#≈≈≈#....#
#≈≈≈≈≈≈..#####
###≈≈≈≈≈≈≈≈≈≈#
##..≈≈≈≈≈≈≈≈
#.......##≈≈
##........# #
##...).....#
###########..........#
#....hh@g##..........#
+.....h#.............#
#.....g#####.......###
#...K.. ###...###
....... ##.## .......
.# ....... ## .......


You could see 3 jackals, a hobgoblin, a goblin and a kobold.

Vanquished Creatures
  A jackal (D:1)
  2 bats (D:1)
  A rat (D:1)
4 creatures vanquished.

Notes
Turn   | Place    | Note
-------+----------+-------------------------------------------
     0 | D:1      | wolfsongas the Gnoll Wanderer began the quest for the Orb.
     0 | D:1      | wolfsongas set off with: a +0 shield, a scroll of teleportation, a potion of lignification, a +0 robe, a +0 club, a +0 dagger, a ration
     0 | D:1      | Reached XP level 1. HP: 13/13 MP: 6/6
    30 | D:1      | Slain by a jackal

Vault maps used:
D:1:      eino_arrival_cavern_b, minmay_domino_4

Action                   || total
-------------------------++-------
Melee: Unarmed           ||    11
  Use: Scroll            ||     1
Armor: Robe              ||     1
Dodge: Dodged            ||     8
Block: Shield            ||     8

Table legend:
 A = Spawn XP
 B = Non-spawn XP
 C = Spawn XP percentage of total XP
 D = Spawn monster count
 E = Non-spawn monster count
 F = Spawn count percentage of total count
 G = Total turns spent on level
                    A         B        C        D         E        F      G
               +---------+---------+-------+---------+---------+-------+---------
         Total |       0 |       5 |   0.0 |       0 |       4 |   0.0 |    30
               +---------+---------+-------+---------+---------+-------+---------
           D:1 |       0 |       5 |   0.0 |       0 |       4 |   0.0 |    30
               +---------+---------+-------+---------+---------+-------+---------
